 Dungeon Crawl Stone Soup version 0.30-a0-439-g9e77e4d916 (webtiles) character file.

Game seed: 158608727616924859

213 p00ps00p the Trooper (level 5, -6/48 HPs)
             Began as a Hill Orc Fighter on Dec 11, 2022.
             Killed by divine providence
             ... invoked by an orc priest
              (10 damage)
             ... on level 4 of the Dungeon.
             The game lasted 00:02:15 (2093 turns).

p00ps00p the Trooper (Hill Orc Fighter)             Turns: 2093, Time: 00:02:16

Health: -6/48      AC:  8    Str: 21    XL:     5   Next: 90%
Magic:  0/5        EV:  9    Int:  8    God:
Gold:   167        SH:  4    Dex: 10    Spells: 4/4 levels left

rFire   . . .      SeeInvis .    a - +0 war axe
rCold   . . .      Faith    .    c - +0 buckler
rNeg    . . .      Spirit   .    b - +0 scale mail
rPois   +          Reflect  .    (no helmet)
rElec   .          Harm     .    (no cloak)
rCorr   .          Rampage  .    (no gloves)
Will    .....                    j - +0 pair of boots
Stlth   ..........               (no amulet)
HPRegen 0.28/turn                l - ring of poison resistance
MPRegen 0.09/turn                (no ring)

@: no status effects
A: no striking features
a: Convert to Beogh


You were on level 4 of the Dungeon.
You visited 1 branch of the dungeon, and saw 4 of its levels.

You collected 167 gold pieces.

Inventory:

Hand Weapons
 a - a +0 war axe (weapon)
Armour
 b - a +0 scale mail (worn)
 c - a +0 buckler (worn)
 j - a +0 pair of boots (worn)
Jewellery
 l - a ring of poison resistance (left hand)
Wands
 h - a wand of iceblast (4)
Scrolls
 g - a scroll of immolation {unknown}
 i - 2 scrolls of teleportation {unknown}
 n - a scroll of enchant weapon {unknown}
Potions
 d - a potion of might
 e - a potion of flight
 f - a potion of cancellation {unknown}
 k - 2 potions of resistance {unknown}
 m - 4 potions of attraction {unknown}
 o - a potion of curing {unknown}


   Skills:
 + Level 5.0 Fighting
 + Level 4.4 Axes
 + Level 4.5 Armour
 + Level 4.5 Shields


You had 4 spell levels left.
You didn't know any spells.
Your spell library contained the following spells:

 Spells                   Type           Power      Damage    Failure   Level
 Shock                    Conj/Air       0%         1d3       83%         1
 Inner Flame              Hex/Fire       0%         N/A       99%         3
 Swiftness                Air            0%         N/A       99%         3
 Airstrike                Air            0%         2d(0-16)  100%        4
 Cause Fear               Hex            0%         N/A       100%        4
 Discord                  Hex            0%         N/A       100%        8


Dungeon Overview and Level Annotations

Branches:
Dungeon (4/15)
 Temple: D:4-7

Altars:
Kikubaaqudgha
Ru
Uskayaw
The Shining One


Message History

You block the orc priest's attack.
The orc priest begins to cast a cantrip, but forgets the words!
Unknown command.
You hit the orc priest.
The orc priest is almost dead.
The orc priest barely misses you. The orc priest closely misses you.
The orc priest hits you but does no damage.
The orc priest invokes the aid of Beogh against you.
Beogh smites you!
Unknown command.
You are too injured to fight recklessly!
Unknown command.
You are too injured to fight recklessly!
You barely miss the orc priest.
The orc priest is almost dead.
The orc priest miscasts a cantrip.
The orc priest barely misses you.
You barely miss the orc priest.
The orc priest is almost dead.
The orc priest shouts, "Surrender to Beogh and we'll let you live!"
The orc priest hits you but does no damage.
The orc priest hits you from afar with a +0 antimagic trident.
You block the orc priest's attack.
The orc priest looks encouraged for a moment.
You slash the orc priest!
You kill the orc priest!
The orc priest hits you from afar with a +0 antimagic trident.
* * * LOW HITPOINT WARNING * * *
You feel your power leaking away.
Your Fighting skill increases to level 5!
You hit the orc.
The orc is moderately wounded.
The orc priest hits you from afar with a +0 antimagic trident.
* * * LOW HITPOINT WARNING * * *
You feel your power leaking away. The orc hits you with a +0 flail.
* * * LOW HITPOINT WARNING * * *
The orc priest calls down the wrath of Beogh upon you.
Beogh smites you!
You die... ### #.. #.# ##.## oo.

#o# #.# #@#
#.#
#######.###
#.........#
#.#####.#.##
#..#.##
#.###.#
##.#.##
##.##


You could see an orc priest and 2 orcs.

Vanquished Creatures
  A hound (D:4)
  An orc priest (D:4)
  An iguana (D:4)
  Terence (D:3)
  3 adders
  A worm (D:2)
  A dart slug (D:1)
  An orc (D:4)
  4 endoplasms
  2 giant cockroaches
  7 goblins
  7 hobgoblins
  8 jackals
  A quokka (D:3)
  3 ball pythons (D:1)
  5 bats
  4 frilled lizards
  9 kobolds
  6 rats
66 creatures vanquished.

Vanquished Creatures (others)
  3 demonic plants (D:1)
  A plant (D:1)
  2 withered plants (D:1)
6 creatures vanquished.

Grand Total: 72 creatures vanquished

Notes
Turn   | Place    | Note
-------+----------+-------------------------------------------
     0 | D:1      | p00ps00p the Hill Orc Fighter began the quest for the Orb.
     0 | D:1      | Reached XP level 1. HP: 19/19 MP: 1/1
   143 | D:1      | Reached XP level 2. HP: 17/27 MP: 2/2
   210 | D:1      | Found a faded altar of an unknown god.
   329 | D:1      | Reached skill level 4 in Fighting
   332 | D:1      | Reached XP level 3. HP: 33/33 MP: 3/3
   850 | D:2      | Reached XP level 4. HP: 40/40 MP: 4/4
   867 | D:2      | You fall into a shaft and drop 1 floor!
   896 | D:3      | Found a large runed translucent door.
   897 | D:3      | Found a large runed translucent door.
  1158 | D:3      | Noticed a +0 hand axe
  1158 | D:3      | Noticed a +0 dagger
  1159 | D:3      | Found a hide-covered altar of Uskayaw.
  1192 | D:3      | Noticed Terence
  1195 | D:3      | Killed Terence
  1359 | D:3      | Found an ancient bone altar of Kikubaaqudgha.
  1723 | D:3      | Found a sacrificial altar of Ru.
  1738 | D:3      | Found a glowing golden altar of the Shining One.
  1812 | D:4      | Reached XP level 5. HP: 47/47 MP: 5/5
  2092 | D:4      | Reached skill level 5 in Fighting
  2093 | D:4      | Killed from afar by an orc priest

Illustrated notes

Levels and vault maps discovered:
D:1:      minmay_arrival_loop, layout_loops_ring, shapermc_ecumenical_altar_gd
D:2:      cheibrodos_helix_gallery, layout_loops_ring, basic_altar, nrook_uturn,
          minmay_puff
D:3:      layout_loops_corners, dancing_weapons_uskayaw, lemuel_crystal_altar,
          jmf_multi_god_temple2, uniq_terence
D:4:      layout_loops_ring, slow_altar_2, uniq_crazy_yiuf_cottage

Skill      XL: |  1  2  3  4  5 |
---------------+----------------+-----
Axes           | 3 4 |  4.4
Fighting       | 4 5 |  5.0
Armour         | 4 |  4.5
Shields        | 4 |  4.5

Action                   |  1- 3 |  4- 6 || total
-------------------------+-------+-------++-------
Melee: War axe           |    96 |    77 ||   173
Evoke: Wand              |       |     2 ||     2
  Use: Scroll            |       |     2 ||     2
Armor: Scale mail        |    72 |    34 ||   106
Dodge: Dodged            |    65 |    30 ||    95
Block: Buckler           |    30 |    20 ||    50

Table legend: (Time is in decaauts)
 A = Elapsed time spent in this place.
 B = Non-inter-level travel time spent in this place.
 C = Inter-level travel time spent in this place.
 D = Time resting spent in this place.
 E = Time spent auto-exploring this place.
 F = Levels seen in this place.
 G = Mean time per level.
                   A        B        C        D        E       F      G
               +--------+--------+--------+--------+--------+-----+--------+
         Total |   2155 |   2064 |     91 |      0 |   1646 |   4 |  538.8 |
       Dungeon |   2155 |   2064 |     91 |      0 |   1646 |   4 |  538.8 |
               +--------+--------+--------+--------+--------+-----+--------+

Top non-repeatable levels by time:
     D:3: 945 daAuts
     D:1: 827 daAuts
     D:4: 307 daAuts
     D:2: 75 daAuts
